 Dungeon Crawl Stone Soup version 0.30-a0-847-g17996783a1 (webtiles) character file.

Game seed: 13892964972471160456

25 Norrock the Digger (level 2, 0/18 HPs)
             Began as a Draconian Earth Elementalist on Mar 3, 2023.
             Slain by a phantom (5 damage)
             ... on level 1 of the Dungeon.
             The game lasted 00:07:29 (720 turns).

Norrock the Digger (Draconian Earth Elementalist)    Turns: 720, Time: 00:07:30

Health: 0/18       AC:  5    Str: 10    XL:     2   Next: 82%
Magic:  1/5        EV: 11    Int: 15    God:
Gold:   32         SH:  5    Dex: 11    Spells: 3/6 levels left

rFire   . . .      SeeInvis .    c - +0 short sword
rCold   + . .      Faith    .    b - +2 buckler
rNeg    . . .      Spirit   .    (body armour unavailable)
rPois   .          Reflect  .    (helmet restricted)
rElec   .          Rampage  .    (no cloak)
rCorr   .                        i - +0 pair of gloves
Will    .....                    (no boots)
Stlth   ++                       (no amulet)
HPRegen 0.00/turn                (no ring)
MPRegen 0.09/turn                (no ring)

@: inhibited regen
A: AC +4, unfitting armour, cold-blooded, cold resistance 1, frail 1, passive
freeze, inhibited regeneration
a: no special abilities


You were on level 1 of the Dungeon.
You visited 1 branch of the dungeon, and saw 2 of its levels.

You collected 32 gold pieces.

Inventory:

Hand Weapons
 c - a +0 short sword (weapon)
Armour
 b - a +2 buckler (worn)
 i - a +0 pair of gloves (worn)
Scrolls
 e - a scroll of amnesia {unknown}
 f - 3 scrolls of blinking {unknown}
 h - a scroll of identify {unknown}
 j - a scroll of poison {unknown}
 k - a scroll of teleportation {unknown}
Potions
 a - a potion of magic
 d - a potion of curing {unknown}


   Skills:
 - Level 1.7 Dodging
 - Level 1.7 Stealth
 * Level 2.6 Spellcasting
 + Level 1.1 Transmutations
 + Level 3.5 Earth Magic


You had 3 spell levels left.
You knew the following spells:

 Your Spells              Type           Power      Damage    Failure   Level
a - Sandblast             Erth           24%        2d8       7%          1
b - Passwall              Tmut/Erth      6%         N/A       17%         2

Your spell library contained the following spells:

 Spells                   Type           Power      Damage    Failure   Level
 Stone Arrow              Conj/Erth      14%        3d7       38%         3
 Petrify                  Tmut/Erth      8%         N/A       73%         4


Dungeon Overview and Level Annotations

Branches:
Dungeon (2/15)

Altars:

Shops:
D:1 :


Innate Abilities, Weirdness & Mutations

Your plain brown scales are hard. (AC +4)
You cannot fit into any form of body armour.
You are cold-blooded and may be slowed by cold attacks.
Your flesh is cold resistant. (rC+)
You are frail. (-10% HP)
A frigid envelope surrounds you and freezes all who hurt you.
You do not regenerate when monsters are visible.


Message History

Aiming: Sandblast (safe; 7% risk of failure)
Press: ? - help, Shift-Dir - straight line, f/p - phantom
Aim: a phantom (moderately damaged, 75% to hit)
The blast of sand hits the phantom!
The phantom is heavily damaged.
The phantom hits you. x2
* * * LOW HITPOINT WARNING * * *
The phantom blinks!
You blink.
The phantom attacks as you move away! The phantom closely misses you.
There is a stone staircase leading down here.
The phantom attacks as you move away! The phantom hits you.
* * * LOW HITPOINT WARNING * * *
There is a stone staircase leading up here.
The phantom completely misses you.
You climb upwards.
There is a stone staircase leading down here.
Casting: Sandblast (safe; 7% risk of failure)
Confirm with . or Enter, or press ? or * to list all spells.
Aiming: Sandblast (safe; 7% risk of failure)
Press: ? - help, Shift-Dir - straight line, f - phantom
Aim: a phantom (moderately damaged, 75% to hit)
The blast of sand hits the phantom.
The phantom is heavily damaged.
The phantom completely misses you.
It was a potion of mutation.
You feel extremely strange.
You feel frail.
Your regeneration stops near monsters.
Your skin feels very cold.
You feel resistant to cold. You block the phantom's attack.
Casting: Sandblast (safe; 7% risk of failure)
Confirm with . or Enter, or press ? or * to list all spells.
Aiming: Sandblast (safe; 7% risk of failure)
Press: ? - help, Shift-Dir - straight line, f/p - phantom
Aim: a phantom (heavily damaged, 75% to hit)
The blast of sand hits the phantom.
The phantom is almost destroyed.
The phantom hits you but does no damage.
The phantom resists.
The phantom is very cold.
The phantom is almost destroyed.
The phantom hits you.
You die...

###....# #....#
#....# ########
#....###.......
#.....)........
##....###.......
#..#### #.......
####.#######.......
#.@W...............
#.##########.......
#.....# #.......
#####.# #.......
#.######.......
#..............
#######........
#######........
#.†............


You could see a phantom.

Vanquished Creatures
  A worm (D:2)
  2 dart slugs
  A giant cockroach (D:1)
  2 hobgoblins (D:1)
  4 kobolds (D:1)
  A quokka (D:1)
  3 ball pythons (D:1)
  2 bats (D:1)
  2 frilled lizards (D:1)
  A rat (D:1)
19 creatures vanquished.

Notes
Turn   | Place    | Note
-------+----------+-------------------------------------------
     0 | D:1      | Norrock the Draconian Earth Elementalist began the quest
                  | for the Orb.
     0 | D:1      | Reached XP level 1. HP: 14/14 MP: 3/3
   296 | D:1      | Reached XP level 2. HP: 20/20 MP: 5/5
   344 | D:1      | Learned a level 2 spell: Passwall
   637 | D:1      | Found Viuniz's Book Emporium.
   691 | D:2      | Noticed a phantom
   719 | D:1      | Gained mutation: You are frail. (-10% HP) [potion of
                  | mutation]
   719 | D:1      | Gained mutation: You do not regenerate when monsters are
                  | visible. [potion of mutation]
   719 | D:1      | Gained mutation: A frigid envelope surrounds you and
                  | freezes all who hurt you. [potion of mutation]
   719 | D:1      | Gained mutation: Your flesh is cold resistant. (rC+)
                  | [potion of mutation]
   720 | D:1      | Slain by a phantom

Illustrated notes

Levels and vault maps discovered:
D:1:      sevenhm_arrival_forest_fort_small_4, layout_basic, serial_shops,
          shop_fountains
D:2:      cheibrodos_pilgrimage, layout_loops_cross, serial_shops,
          nicolae_shop_trees, minmay_misc_feat_enclosed,
          kennysheep_generic_room_10

Action                     || total
---------------------------++-------
  Melee: Unarmed           ||    11
         Short sword       ||    32
         Tailslap          ||     7
   Cast: Sandblast         ||    17
    Use: Potion            ||     1
   Stab: Sleeping          ||     3
 Armour: Skin              ||    23
  Dodge: Dodged            ||    40
  Block: Buckler           ||    22

Table legend: (Time is in decaauts)
 A = Elapsed time spent in this place.
 B = Non-inter-level travel time spent in this place.
 C = Inter-level travel time spent in this place.
 D = Time resting spent in this place.
 E = Time spent auto-exploring this place.
 F = Levels seen in this place.
 G = Mean time per level.
                   A        B        C        D        E       F      G
               +--------+--------+--------+--------+--------+-----+--------+
         Total |    730 |    730 |      0 |     10 |    261 |   2 |  365.0 |
       Dungeon |    730 |    730 |      0 |     10 |    261 |   2 |  365.0 |
               +--------+--------+--------+--------+--------+-----+--------+

Top non-repeatable levels by time:
     D:1: 680 daAuts
     D:2: 50 daAuts
